 Dungeon Crawl Stone Soup version 0.29-a0-330-g52719c12eb (webtiles) character file.

Game seed: 6363416715322310034

79 kae the Firebug (level 3, -2/26 HPs)
             Began as a Demigod Fire Elementalist on Apr 19, 2022.
             Slain by an orc wizard
             ... wielding a +2 dagger of holy wrath
              (4 damage)
             ... on level 3 of the Dungeon.
             The game lasted 00:02:00 (3052 turns).

kae the Firebug (Demigod Fire Elementalist)         Turns: 3052, Time: 00:02:01

Health: -2/26      AC:  4    Str:  9    XL:     3   Next: 95%
Magic:  0/9        EV: 11    Int: 21    God:
Gold:   127        SH:  4    Dex: 14    Spells: 0/6 levels left

rFire   . . .      SeeInvis .   g - +1 whip
rCold   . . .      Faith    .   h - +0 buckler
rNeg    . . .      Spirit   .   j - +0 leather armour
rPois   .          Reflect  .   i - +0 helmet
rElec   .          Harm     .   (no cloak)
rCorr   .          Rampage  .   (no gloves)
Will    .....                   (no boots)
Stlth   ++........              (no amulet)
HPRegen 0.08/turn               (no ring)
MPRegen 0.11/turn               (no ring)

@: no status effects
A: high MP 1, forlorn, divine attributes
a: no special abilities


You were on level 3 of the Dungeon.
You visited 1 branch of the dungeon, and saw 3 of its levels.

You collected 127 gold pieces.

Inventory:

Hand Weapons
 g - a +1 whip (weapon)
Armour
 a - a +0 robe
 h - a +0 buckler (worn)
 i - a +0 helmet (worn)
 j - a +0 leather armour (worn)
Wands
 f - a wand of flame (12)
Scrolls
 l - 2 scrolls of identify
 m - a scroll of acquirement {unknown}
 q - a scroll of teleportation
Potions
 b - a potion of magic
 c - a potion of might
 d - 2 potions of degeneration
 e - a potion of attraction {unknown}
 k - 2 potions of haste {unknown}
 n - a potion of flight {unknown}
 o - a potion of curing {unknown}
 p - 2 potions of invisibility {unknown}


   Skills:
 + Level 0.7 Armour
 - Level 1.7 Dodging
 - Level 1.7 Stealth
 + Level 0.9 Shields
 + Level 2.2 Spellcasting
 + Level 1.8 Conjurations
 * Level 3.5 Fire Magic


You couldn't memorise any spells.
You knew the following spells:

 Your Spells              Type           Power      Damage    Failure   Level
a - Foxfire               Conj/Fire      52%        2x1d6     10%         1
b - Scorch                Fire           34%        2d7       10%         2
c - Conjure Flame         Conj/Fire      13%        6-21      28%         3

Your spell library contained the following spells:

 Spells                   Type           Power      Damage    Failure   Level
 Magic Dart               Conj           40%        1d5       13%         1
 Call Imp                 Summ           2%         N/A       38%         2
 Ensorcelled Hibernation  Hex/Ice        4%         N/A       38%         2
 Passwall                 Tmut/Erth      1%         N/A       38%         2
 Inner Flame              Hex/Fire       9%         N/A       38%         3
 Mephitic Cloud           Conj/Pois/Air  4%         N/A       54%         3
 Swiftness                Air            2%         N/A       63%         3
 Flame Wave               Conj/Fire      13%        2d6       67%         4


Dungeon Overview and Level Annotations

Branches:
Dungeon (3/15)

Shops:
D:1 **?(*


Innate Abilities, Weirdness & Mutations

You have an increased reservoir of magic. (+10% MP)
You shall have no god before yourself.
Your divine heritage dramatically boosts your attributes as you level up.


Message History

An orc wizard is nearby!
Casting: Foxfire (safe; 10% risk of failure)
Confirm with . or Enter, or press ? or * to list all spells.
You conjure some foxfire!
The orc wizard gestures wildly while chanting.
The orc wizard flickers and vanishes!
The foxfire hits something but does no damage.
The foxfire hits something.
Casting: Foxfire (safe; 10% risk of failure)
Confirm with . or Enter, or press ? or * to list all spells.
You conjure some foxfire!
The foxfire hits something.
The foxfire hits something.
Casting: Foxfire (safe; 10% risk of failure)
Confirm with . or Enter, or press ? or * to list all spells.
You conjure some foxfire!
The foxfire hits something.
Something hits you.
Casting: Foxfire (safe; 10% risk of failure)
Confirm with . or Enter, or press ? or * to list all spells.
Nothing appears to happen.
Something hits you but does no damage. x2
Something hits you but does no damage. x2
Casting: Foxfire (safe; 10% risk of failure)
Confirm with . or Enter, or press ? or * to list all spells.
You conjure some foxfire!
You hear some strange, mumbled words.
A magic dart appears from out of thin air!
The magic dart hits you! Something hits you.
Something hits you but does no damage. Something hits you.
Casting: Foxfire (safe; 10% risk of failure)
Confirm with . or Enter, or press ? or * to list all spells.
Nothing appears to happen.
You hear some strange, mumbled words.
Something tries to affect you, but you resist.
You hear some strange, mumbled words.
A puff of flame appears from out of thin air!
The puff of flame hits you.
* * * LOW HITPOINT WARNING * * *
Something hits you.
* * * LOW HITPOINT WARNING * * *
Something hits you.
You die...

. . ...### )# ..... #.#
..#.# ... #....# #.# #.#..#
#######{.# ##### ##.#..#
#....v@.# #...# ...#.(#
#.############..<# ......#
###...# #.....).#
.#....###...#..#####.#.....#
......#..............#.#...#
........#.§≈§≈≈≈≈≈≈ #.>#...#
..........§§......≈.#)######
.#........≈.≈≈≈≈≈.≈.#.#####
..........≈.....≈.≈.......#


There were no monsters in sight!

Vanquished Creatures
  An adder (D:2)
  2 dart slugs
  An orc (D:3)
  5 bats
  8 endoplasms
  2 giant cockroaches (D:3)
  3 hobgoblins
  6 jackals (D:1)
  4 kobolds
  4 quokkas
  5 ball pythons
  6 frilled lizards
  7 goblins
  6 rats
60 creatures vanquished.

Vanquished Creatures (others)
  179 foxfires
179 creatures vanquished.

Grand Total: 239 creatures vanquished

Notes
Turn   | Place    | Note
-------+----------+-------------------------------------------
     0 | D:1      | kae the Demigod Fire Elementalist began the quest for the
                  | Orb.
     0 | D:1      | Reached XP level 1. HP: 14/14 MP: 5/5
   122 | D:1      | Reached skill level 1 in Conjurations
   188 | D:1      | Found Unierud's Magic Scroll Boutique.
   205 | D:1      | Found Bukhlao Fobb's Weapon Boutique.
   363 | D:1      | Reached skill level 3 in Fire Magic
   407 | D:1      | Reached XP level 2. HP: 20/20 MP: 2/7
   407 | D:1      | Found Yxuta's General Store.
   564 | D:1      | Found Qaluth's General Store.
   893 | D:1      | Found Jiujag's General Store.
  1483 | D:2      | Reached XP level 3. HP: 26/26 MP: 1/8
  1634 | D:2      | Learned a level 2 spell: Scorch
  1638 | D:2      | Learned a level 3 spell: Conjure Flame
  3052 | D:3      | Slain by an orc wizard

Illustrated notes

Levels and vault maps discovered:
D:1:      eino_arrival_cavern_c, layout_rooms, serial_shops,
          nicolae_shop_waterfront, shop, nicolae_shop_hallway_plus,
          nicolae_shop_stone, shop
D:2:      layout_loops_ring, chequers_ecumenical_altar_simple
D:3:      layout_rooms, mainiacjoe_overflow_concentric_impassable,
          vehumet_statue, chequers_garden

Skill      XL: |  1 |
---------------+----+-----
Conjurations   | 1 |  1.8
Fire Magic     | 3 |  3.5
Spellcasting   | 2 |  2.2
Armour         | |  0.7
Dodging        | |  1.7
Stealth        | |  1.7
Shields        | |  0.9

Action                   || total
-------------------------++-------
Melee: Unarmed           ||     7
       Whip              ||    31
 Cast: Foxfire           ||   111
       Scorch            ||     4
  Use: Scroll            ||     6
Armor: Robe              ||     5
       Leather armour    ||    17
Dodge: Dodged            ||    42
Block: Buckler           ||     9

Table legend: (Time is in decaauts)
 A = Elapsed time spent in this place.
 B = Non-inter-level travel time spent in this place.
 C = Inter-level travel time spent in this place.
 D = Time resting spent in this place.
 E = Time spent auto-exploring this place.
 F = Levels seen in this place.
 G = Mean time per level.
                   A        B        C        D        E       F      G
               +--------+--------+--------+--------+--------+-----+--------+
         Total |   3056 |   2995 |     61 |    288 |   2232 |   3 | 1018.7 |
       Dungeon |   3056 |   2995 |     61 |    288 |   2232 |   3 | 1018.7 |
               +--------+--------+--------+--------+--------+-----+--------+

Top non-repeatable levels by time:
     D:1: 1468 daAuts
     D:2: 1024 daAuts
     D:3: 563 daAuts
